 Dungeon Crawl Stone Soup version 0.20.1-1-g8b1a95d (console) character file.

13 hilaritas the Chopper (level 2, -2/16 HPs)
             Began as a Vine Stalker Berserker on Oct 24, 2017.
             Was a Follower of Trog.
             Slain by a kobold
             ... wielding a +2 whip of venom
              (5 damage)
             ... on level 1 of the Dungeon.
             The game lasted 00:00:53 (989 turns).

hilaritas the Chopper (Vine Stalker Berserker)       Turns: 989, Time: 00:00:54

Health: -2/16      AC:  2    Str: 19    XL:     2   Next: 37%
Magic:  0/3        EV: 12    Int:  7    God:    Trog [*.....]
Gold:   36         SH:  0    Dex: 13    Spells: 1/1 levels left

rFire    . . .     SeeInvis .   a - +0 hand axe
rCold    . . .     Gourm    .   (no shield)
rNeg     . . .     Faith    .   b - +0 animal skin
rPois    .         Spirit   +   (no helmet)
rElec    .         Reflect  .   (no cloak)
rCorr    .         Harm     .   (no gloves)
MR       .....                  (no boots)
Stlth    +.........             (no amulet)
Regen    0.1/turn               (no ring)
MPRegen  0.1/turn               (no ring)

@: lethally poisoned (-2 -> -30)
A: fangs 2, magic shield, antimagic bite, no potion heal 3, rot immunity
a: Berserk, Burn Spellbooks, Renounce Religion


You were on level 1 of the Dungeon.
You worshipped Trog.
Trog was aware of your devotion.
You were not hungry.

You visited 1 branch of the dungeon, and saw 1 of its levels.

You collected 36 gold pieces.

Inventory:

Hand Weapons
 a - a +0 hand axe (weapon)
 h - a +0 whip
Armour
 b - a +0 animal skin (worn)
Scrolls
 e - a scroll of amnesia {unknown}
 g - a scroll of teleportation {unknown}
 i - a scroll of identify {unknown}
Potions
 d - a potion of lignification {unknown}
 j - a potion of mutation {unknown}
 k - a potion of heal wounds {unknown}
Comestibles
 c - a bread ration
 f - a royal jelly


   Skills:
 - Level 2.6 Fighting
 * Level 3.3 Axes
 - Level 1.5 Armour
 - Level 1.5 Dodging


You had one spell level left.
You didn't know any spells.

Dungeon Overview and Level Annotations

Branches:
Dungeon (1/15)

Altars:
The Shining One


Innate Abilities, Weirdness & Mutations

You have extremely sharp teeth.
When hurt, damage is shared between your health and your magic reserves.
Your bite disrupts and absorbs the magic of your enemies.
Potions cannot restore your health.
You are immune to rotting.


Message History

A kobold comes into view. It is wielding a whip of venom.
The kobold shouts!
The kobold completely misses you.
You barely miss the kobold. You bite the kobold, but do no damage.
The kobold hits you but does no damage.
You are poisoned.
You closely miss the kobold. You bite the kobold, but do no damage.
You feel sick.
The kobold hits you with a whip of venom.
You are lethally poisoned!
The kobold completely misses you.
You closely miss the kobold. Your bite misses the kobold.
You feel sick.
The kobold hits you with a whip of venom.
You are more poisoned.
You hit the kobold. Your bite misses the kobold.
The kobold is severely wounded.
* * * LOW HITPOINT WARNING * * *
You feel sick.
The kobold hits you with a whip of venom.
You die...

#.......#.#..##.#.#
######.....##.......#.#
#..................##.#
#.#####.##+###..##.##.#
##### #.# ##.# #).......#
..).# #.# #..# #.###.####
....#####.# #..# #. #.#
.....#.##.####..# #. #.#
................# #. #.#
.....#.##.####..######.###.#
.....#.##.# #..@K.......#.#
.....#.##.## #####.###.....#
####...>...# #.......### #
###.##.## ######.## # #.####
#.# # #....# #.# #
#....#############.# #
###....##............# ##
#.........##.##.###### .#
#............##.# .#
#.........#####.#


You could see a kobold.

Vanquished Creatures
  A dart slug (D:1)
  A bat (D:1)
  A giant cockroach (D:1)
  2 hobgoblins (D:1)
  3 frilled lizards (D:1)
  A kobold (D:1)
  3 rats (D:1)
12 creatures vanquished.

Notes
Turn   | Place    | Note
-------+----------+-------------------------------------------
     0 | D:1      | hilaritas the Vine Stalker Berserker began the quest for the Orb.
     0 | D:1      | Reached XP level 1. HP: 11/11 MP: 2/2
   244 | D:1      | Reached skill level 3 in Axes
   363 | D:1      | Reached XP level 2. HP: 5/16 MP: 3/3
   896 | D:1      | Found a glowing golden altar of the Shining One.
   989 | D:1      | Slain by a kobold

Skill      XL: |  1 |
---------------+----+-----
Axes           | 3 |  3.3
Fighting       | |  2.6
Armour         | |  1.5
Dodging        | |  1.5

Action                   || total
-------------------------++-------
Melee: Hand axe          ||    32
       Bite              ||     7
Armor: Animal skin       ||     4
Dodge: Dodged            ||    18
